 Dungeon Crawl Stone Soup version 0.31.0-11-ge490571c62 (webtiles) character file.

Game seed: 4784474151112833438

3808 Zdeegee the Arsonist (level 9, -6/65 HPs)
             Began as a Demonspawn Fire Elementalist on Jan 31, 2024.
             Was a Believer of Vehumet.
             Mangled by a yak (13 damage)
             ... on level 8 of the Dungeon on Feb 1, 2024.
             The game lasted 00:36:38 (10654 turns).

Zdeegee the Arsonist (DsFE)                        Turns: 10654, Time: 00:36:39

Health: -6/65      AC:  4    Str: 10    XL:     9   Next: 96%
Magic:  5/20       EV: 14    Int: 25    God:    Vehumet [**....]
Gold:   374        SH:  0    Dex: 18    Spells: 13/23 levels left

rFire   . . .        o - +9 spear of Equilibrium {venom, rN++ Dex+5}
rCold   . . .        (no shield)
rNeg    + + .        x - +2 robe {Will+}
rPois   .            (no helmet)
rElec   .            (no cloak)
rCorr   .            (no gloves)
SInv    .            (no boots)
Will    ++...        (no amulet)
Stlth   ++           D - +6 ring of intelligence
HPRegen 0.30/turn    h - ring of willpower
MPRegen 0.17/turn

%: no passive effects
@: no status effects
A: claws 2, demonic guardian 1, powered by death 1
a: Renounce Religion


You were on level 8 of the Dungeon.
You worshipped Vehumet.
Vehumet was pleased with you.
You visited 2 branches of the dungeon, and saw 9 of its levels.
You also visited: Sewer.

You collected 374 gold pieces.

Inventory:

Hand Weapons
 c - a +0 dagger
 e - a +1 short sword of electrocution
 o - the +9 spear of Equilibrium (weapon) {venom, rN++ Dex+5}
   (You found it on level 4 of the Dungeon)

   Dex+5:     It affects your dexterity (+5).
   rN++:      It greatly protects you from negative energy.
 y - a +3 short sword
Armour
 a - a +1 robe
 g - a +0 ring mail of poison resistance
 w - the +3 ring mail of the Many Hurling Coins {-Tele Dex+4}
   (You found it in a sewer)

   Dex+4:     It affects your dexterity (+4).
   -Tele:     It prevents most forms of teleportation.
 x - a +2 robe of willpower (worn)
 C - +0 steam dragon scales
Magical Staves
 B - a staff of air
Jewellery
 d - a ring of protection from cold
 f - a ring of resist corrosion
 h - a ring of willpower (right claw)
 m - an amulet of guardian spirit
 D - a +6 ring of intelligence (left claw)
Scrolls
 j - a scroll of enchant armour
 k - 3 scrolls of revelation
 l - a scroll of amnesia
 q - a scroll of blinking
 u - a scroll of enchant weapon
Potions
 b - a potion of magic
 i - a potion of cancellation
 n - 5 potions of curing
 p - 2 potions of resistance
 r - a potion of degeneration
 s - 3 potions of enlightenment
 t - a potion of attraction {unknown}
 v - a potion of haste
 z - 2 potions of might
 A - a potion of heal wounds


   Skills:
 * Level 3.6 Fighting
 + Level 0.4 Short Blades
 + Level 0.1 Polearms
 * Level 4.0 Dodging
 + Level 2.5 Stealth
 * Level 7.6 Spellcasting
 * Level 5.4 Conjurations
 + Level 0.3 Translocations
 * Level 8.4 Fire Magic


You had 13 spell levels left.
You knew the following spells:

 Your Spells              Type           Power      Damage    Failure   Level
a - Foxfire               Conj/Fire      100%       2x1d9     1%          1
b - Scorch                Fire           100%       2d9       1%          2
c - Volatile Blastmotes   Fire/Tloc      62%        2d15      3%          3
d - Flame Wave            Conj/Fire      44%        2d11      3%          4

Your spell library contained the following spells:

 Spells                   Type           Power      Damage    Failure   Level
 Kiss of Death            Conj/Necr      92%        2d12      1%          1
 Inner Flame              Hex/Fire       30%        N/A       3%          3
 Gell's Gravitas          Tloc           11%        N/A       17%         3
 Teleport Other           Tloc           11%        N/A       17%         3
 Ozocubu's Armour         Ice            9%         N/A       19%         3
 Summon Forest            Summ/Tloc      5%         N/A       86%         5
 Metabolic Englaciation   Hex/Ice        4%         N/A       87%         5
 Dispersal                Tloc           5%         N/A       100%        6
 Eringya's Noxious Bog    Alch           4%         4d6       100%        6
 Sculpt Simulacrum        Ice/Alch       4%         N/A       100%        6
 Summon Hydra             Summ           4%         N/A       100%        7


Dungeon Overview and Level Annotations

Branches:
Dungeon (8/15)             Temple (1/1) D:4           Sewer (visited)
   Lair: D:8-11

Altars:
Ashenzari
Cheibriados
Dithmenos
Fedhas
Hepliaklqana
Kikubaaqudgha
Makhleb
Nemelex Xobeh
Okawaru
Qazlal
Ru
Sif Muna
Trog
Uskayaw
Vehumet
Wu Jian
Xom
Yredelemnul


Innate Abilities, Weirdness & Mutations

You have very sharp fingernails.
A weak demonic guardian rushes to your aid.
You regenerate a little health from kills.


Message History

You conjure some foxfire!
The yak gores your shadow imp!
Your shadow imp dies!
Your shadow imp disappears in a puff of smoke!
Casting: Foxfire (safe; 1% risk of failure)
Confirm with . or Enter, or press ? or * to list all spells.
Flames lash the yak.
The yak is burned terribly!
You kill the yak!
Vehumet accepts your kill.
The foxfire hits the yak but does no damage.
The foxfire hits the yak.
The yak is lightly wounded.
Casting: Scorch (safe; 1% risk of failure)
Confirm with . or Enter, or press ? or * to list all spells.
Flames lash the yak.
The yak is lightly wounded.
The yak's fire resistance burns away.
The yak completely misses you. The yak gores you!
Unknown command.
You hit the yak.
The yak is poisoned.
The yak is moderately wounded.
The yak is no longer more vulnerable to fire.
You hit the yak.
The yak looks as sick as possible!
The yak is heavily wounded.
The yak closely misses you. The yak misses you.
You barely miss the yak.
The yak is severely wounded.
The yak gores you!
You puncture the yak!
The yak is almost dead.
You kill the yak!
Vehumet accepts your kill.
You hit the yak.
The yak is poisoned.
The yak is lightly wounded.
The yak gores you!
* * * LOW HITPOINT WARNING * * *
The yak attacks as it pursues you! The yak gores you!
* * * LOW HITPOINT WARNING * * *
A demonic guardian appears!
The yak attacks as it pursues you! The yak gores you!
You die...

#...###########.......#
##.###..YYY....#>###..#
#.# #Y######.###.##..#
##.###z###...[.#.###..#
.........#.##.#.......#
.#..............##.##.#
...........#.....#†##.#
.#.......[.....#...##†#
.#.###.#####..[5@####.#
...###.#.###..#.#Y###.#
##....................#
#######.###.[#.#.#####
########## #[#[...#
.............##.#.#
.........######.#.#
#####.>...## #.#.# #
#.......####.#.#


You could see a yak (very poisoned, ally target) and a friendly white imp
(summoned).

Vanquished Creatures
  4 yaks (D:8)
  A wyvern (D:7)
  A steam dragon (D:8)
  2 water moccasins
  A sky beast (D:7)
  2 ice beasts (D:6)
  A black bear (D:6)
  2 orc warriors (D:8)
  2 ogres (D:5)
  2 crocodiles (Sewer)
  2 centaurs
  A phantom (D:5)
  A bullfrog (D:6)
  13 wights
  A howler monkey (D:4)
  An orc priest (D:7)
  A bombardier beetle (D:4)
  3 jellies (D:6)
  3 iguanas
  Natasha (thrice) (D:3)
  Terence (D:2)
  5 orc wizards
  A sickly merfolk siren (Sewer)
  A malarious merfolk avatar (Sewer)
  Robin (D:2)
  9 adders
  2 river rats (Sewer)
  2 ufetubi (D:6)
  2 ribbon worms (D:2)
  3 dart slugs
  18 orcs
  8 endoplasms
  8 giant cockroaches
  12 goblins
  8 hobgoblins
  5 jackals (D:1)
  4 quokkas
  9 ball pythons
  5 bats
  3 frilled lizards
  7 kobolds
  34 rats
195 creatures vanquished.

Vanquished Creatures (collateral kills)
  A sleepcap (D:5)
  An iguana (D:5)
  A river rat (Sewer)
  2 goblins (D:2)
  A hobgoblin (D:1)
  A jackal (D:1)
  A quokka (D:2)
  2 frilled lizards (Sewer)
  9 rats
19 creatures vanquished.

Vanquished Creatures (others)
  582 foxfires
582 creatures vanquished.

Grand Total: 796 creatures vanquished

Notes
Turn   | Place    | Note
-------+----------+-------------------------------------------
     0 | D:1      | Zdeegee the Demonspawn Fire Elementalist began the quest
                  | for the Orb.
     0 | D:1      | Reached XP level 1. HP: 13/13 MP: 3/3
   137 | D:1      | Reached skill level 3 in Fire Magic
   239 | D:1      | Gained mutation: A weak demonic guardian rushes to your
                  | aid. [demonic ancestry]
   239 | D:1      | Reached XP level 2. HP: 19/19 MP: 1/5
   242 | D:1      | Learned a level 2 spell: Scorch
   818 | D:1      | Gained mutation: You have sharp fingernails. [demonic
                  | ancestry]
   818 | D:1      | Reached XP level 3. HP: 25/25 MP: 2/6
   822 | D:1      | Learned a level 3 spell: Volatile Blastmotes
  1655 | D:2      | Found a faded altar of an unknown god.
  2250 | D:2      | Noticed Terence
  2262 | D:2      | Killed Terence
  2263 | D:2      | Reached XP level 4. HP: 21/31 MP: 0/8
  2363 | D:2      | Noticed Robin
  2406 | D:2      | Killed Robin
  2631 | D:2      | Reached skill level 1 in Fighting
  3155 | D:3      | Reached XP level 5. HP: 37/37 MP: 5/9
  3209 | D:3      | Noticed Natasha
  3215 | D:3      | Killed Natasha
  3282 | D:3      | Noticed Natasha
  3290 | D:3      | Killed Natasha
  3291 | D:3      | Reached skill level 4 in Fire Magic
  3294 | D:3      | Noticed Natasha
  3361 | D:3      | Killed Natasha
  3754 | D:4      | Noticed a water moccasin
  3850 | D:3      | Killed a water moccasin
  3851 | D:3      | Gained mutation: You have very sharp fingernails. [demonic
                  | ancestry]
  3851 | D:3      | Reached XP level 6. HP: 19/43 MP: 5/11
  4172 | D:4      | Identified the +9 spear of Equilibrium {venom, rN++ Dex+5}
  4247 | D:4      | Found a staircase to the Ecumenical Temple.
  4268 | Temple   | Entered the Ecumenical Temple
  4280 | Temple   | Became a worshipper of Vehumet
  4315 | D:4      | Found a shimmering blue altar of Sif Muna.
  4316 | D:4      | Found a stormy altar of Qazlal.
  4915 | D:5      | Entered Level 5 of the Dungeon
  4927 | D:5      | Reached XP level 7. HP: 46/48 MP: 0/13
  4963 | D:5      | Learned a level 4 spell: Flame Wave
  5197 | D:5      | Found a glowing drain.
  5267 | Sewer    | Entered a sewer
  5421 | Sewer    | Reached skill level 5 in Fire Magic
  5742 | Sewer    | Reached * piety under Vehumet
  5742 | Sewer    | Offered knowledge of Magic Dart by Vehumet.
  6030 | Sewer    | Identified the +3 ring mail of the Many Hurling Coins
                  | {-Tele Dex+4}
  6303 | D:5      | Reached skill level 5 in Spellcasting
  6303 | D:5      | Gained mutation: You regenerate a little health from kills.
                  | [demonic ancestry]
  6303 | D:5      | Reached XP level 8. HP: 56/56 MP: 9/15
  6550 | D:5      | Found a shadowy altar of Dithmenos.
  7285 | D:6      | Reached skill level 6 in Fire Magic
  7731 | D:6      | Offered knowledge of Kiss of Death by Vehumet.
  7733 | D:6      | Reached ** piety under Vehumet
  8297 | D:7      | Reached XP level 9. HP: 63/63 MP: 12/18
  8827 | D:7      | Reached skill level 5 in Conjurations
  9104 | D:8      | Reached skill level 7 in Fire Magic
  9307 | D:8      | Noticed a two-headed ogre
 10195 | D:8      | Found an ornate altar of the Wu Jian Council.
 10224 | D:8      | Reached skill level 8 in Fire Magic
 10654 | D:8      | Mangled by a yak

Illustrated notes

Levels and vault maps discovered:
D:1:      minmay_arrival_plants_in_alcoves, layout_basic
D:2:      layout_loops_ring, shapermc_ecumenical_altar_ellora, minmay_rat_hole,
          uniq_terence, uniq_robin
D:3:      layout_rooms, uniq_natasha
D:4:      layout_cave_pools, grunt_temple_overflow_open,
          nicolae_tso_carved_into_rock, minmay_temple_entry_steel_oval,
          minmay_surrounded
D:5:      layout_basic, nicolae_dithmenos_shadow_blocks,
          mainiacjoe_sewer_entry_somewhere_in_here_2, mrwooster_statue_mirror,
          kennysheep_cluttered_room
D:6:      layout_loops_ring, hangedman_decor_clover_reticule
D:7:      layout_basic
D:8:      layout_loops_ring, mainiacjoe_overflow_alcove_2,
          mainiacjoe_overflow_tiny_flanked, eino_curves_03
Temple:   nicolae_temple_superstar

Skill      XL: |  1  2  3  4  5  6  7  8  9 |
---------------+----------------------------+-----
Fire Magic     | 3 4 5 6 8 |  8.4
Dodging        | 2 3 4 |  4.0
Stealth        | 2 |  2.5
Fighting       | 1 2 3 |  3.6
Spellcasting   | 3 4 5 6 7 |  7.6
Conjurations   | 2 3 4 5 |  5.4
Short Blades   | |  0.4
Polearms       | |  0.1
Translocations | |  0.3

Action                     |  1- 3 |  4- 6 |  7- 9 || total
---------------------------+-------+-------+-------++-------
  Melee: Short sword       |    50 |    36 |       ||    86
         Spear             |       |     2 |    40 ||    42
   Cast: Foxfire           |    71 |   108 |   191 ||   370
         Scorch            |     5 |    14 |    88 ||   107
         Volatile Blastmot |       |     1 |     9 ||    10
         Flame Wave        |       |       |     4 ||     4
    Use: Scroll            |       |     6 |    14 ||    20
         Potion            |       |     1 |     1 ||     2
   Stab: Sleeping          |       |     1 |       ||     1
 Armour: Robe              |    38 |    37 |    90 ||   165
  Dodge: Dodged            |    40 |    30 |    86 ||   156
